Map: Eternal Empire LE

Players

Kelazhur

  • Race: Terran Terran
  • Spawn Location: 7:00

SKillous - Winner!

  • Race: Protoss Protoss
  • League: Grandmaster
  • Spawn Location: 1:00

VOD

Have the link to the VOD?

Description

Time

  • Played on: Jan. 13, 2020, 4:08 p.m.
  • Length: 9:02
Show
View Real Time Build Order
Export as new Build Order

Kelazhur Terran 

Build Orders: Gas First Reaper Expand 

Get SALT Encoding   

  12  0:00  SCV  
  13  0:12  SCV  
  14  0:17  Supply Depot  
  14  0:24  SCV  
  15  0:28  Refinery  
  15  0:38  SCV  
  16  0:44  Barracks  
  16  0:50  SCV  
  17  1:02  SCV  
  18  1:14  SCV  
  19  1:31  Reaper, Orbital Command  
  20  1:48  Command Center  
  20  1:56  Factory  
  20  1:59  SCV  
  21  2:06  Barracks Reactor  
  21  2:11  SCV  
  21  2:15  Supply Depot  
  22  2:23  SCV  
  22  2:25  Refinery  
  24  2:37  SCV  
  24  2:42  Marine x2, Hellion  
  28  2:49  SCV, Starport  
  29  3:00  Marine x2  
  31  3:06  SCV, Widow Mine  
  34  3:12  Orbital Command  
  34  3:18  SCV  
  35  3:22  Marine x2  
  37  3:30  SCV  
  37  3:32  Viking  
  40  3:38  Factory Tech Lab  
  40  3:40  Marine x2  
  41  3:42  SCV  
  41  3:46  SCV  
  43  3:54  SCV  
  42  3:58  SCV, Supply Depot  
  43  4:05  Marine  
  43  4:06  Marine, SCV  
  46  4:10  Factory Tech Lab  
  46  4:19  SCV x2, Command Center  
  46  4:22  Supply Depot  
  46  4:23  Raven  
  50  4:27  Marine x2  
  52  4:31  SCV  
  52  4:36  SCV  
  54  4:41  Supply Depot  
  54  4:43  Siege Tank  
  57  4:45  Armory  
  57  4:47  SCV  
  57  4:48  Marine x2  
  57  4:51  SCV  
  61  4:59  SCV  
  62  5:03  SCV  
  63  5:07  Barracks  
  63  5:09  Marine x2  
  63  5:11  SCV, Barracks  
  66  5:15  SCV  
  66  5:16  Starport Tech Lab  
  65  5:23  Widow Mine  
  65  5:24  SCV  
  65  5:27  SCV  
  69  5:31  Marine x2  
  69  5:32  Orbital Command  
  69  5:33  Drilling Claws  
  71  5:36  SCV  
  71  5:37  Refinery, Engineering Bay  
  71  5:38  Refinery  
  71  5:39  SCV  
  73  5:47  Widow Mine  
  73  5:48  SCV  
  76  5:51  SCV  
  76  5:54  Starport Reactor, Engineering Bay  
  77  6:00  SCV x2  
  79  6:05  Marine x2  
  79  6:06  Stimpack, Marauder  
  79  6:07  Combat Shield  
  79  6:09  SCV  
  81  6:11  Terran Infantry Weapons Level 1  
  81  6:12  SCV, Orbital Command  
  81  6:16  Marauder  
  84  6:26  Supply Depot  
  84  6:29  Barracks x2, Widow Mine, Marauder  
  84  6:30  Supply Depot x2  
  88  6:34  Terran Infantry Armor Level 1  
  88  6:35  Medivac  
  88  6:39  SCV x3  
  93  6:47  Marine x2  
  93  6:48  Supply Depot  
  93  6:51  SCV x3  
  93  6:54  Marauder  
  100  6:57  Marauder  
  102  7:03  SCV x2  
  104  7:09  SCV  
  104  7:15  SCV, Factory Reactor  
  103  7:16  SCV  
  103  7:17  Marine x2, Marauder  
  103  7:19  Marauder, Orbital Command  
  103  7:30  Concussive Shells  
  103  7:33  Barracks Reactor  
  103  7:34  Medivac x2  
  103  7:35  Marine  
  102  7:39  SCV x2, Marauder  
  102  7:43  Marine, Marauder  
  108  7:49  SCV  
  107  7:53  Marine  
  103  7:59  SCV  
  103  8:00  Marine, Marauder  
  103  8:01  Marauder  
  103  8:02  Widow Mine x2  
  103  8:04  Medivac x2, Marauder  
  109  8:05  SCV x2  
  109  8:11  SCV  
  98  8:14  Marine x2  
  84  8:21  Marauder, Orbital Command  
  84  8:24  SCV, Widow Mine x2  
  84  8:25  SCV  
  78  8:32  Marine  
  78  8:33  Marine x2  
  65  8:37  SCV  
Show
View Real Time Build Order
Export as new Build Order

SKillous Protoss - Winner!

Build Orders: 1 Gate Expand, Blink Stalkers 

Get SALT Encoding   

  12  0:00  Probe  
  13  0:12  Probe  
  14  0:19  Pylon  
  14  0:24  Probe  
  15  0:38  Probe (Chrono Boost), Gateway  
  16  0:47  Assimilator  
  16  0:48  Probe (Chrono Boost)  
  17  0:52  Probe (Chrono Boost)  
  19  1:04  Probe  
  19  1:16  Probe  
  20  1:24  Nexus  
  20  1:29  Nexus  
  20  1:41  Cybernetics Core  
  20  1:42  Probe  
  21  1:47  Assimilator  
  21  1:54  Probe  
  21  2:00  Pylon  
  22  2:07  Probe  
  23  2:15  Adept (Chrono Boost)  
  23  2:19  Probe, Warp Gate  
  26  2:28  Twilight Council  
  26  2:31  Probe  
  27  2:38  Stalker  
  28  2:45  Probe (Chrono Boost)  
  28  2:48  Probe (Chrono Boost)  
  30  2:57  Probe (Chrono Boost)  
  32  2:59  Probe (Chrono Boost)  
  32  3:03  Probe (Chrono Boost)  
  32  3:04  Probe (Chrono Boost), Blink  
  34  3:14  Probe (Chrono Boost)  
  34  3:17  Probe (Chrono Boost)  
  35  3:22  Probe (Chrono Boost)  
  35  3:25  Probe (Chrono Boost)  
  36  3:28  Probe  
  37  3:36  Probe (Chrono Boost), Gateway  
  37  3:41  Gateway  
  39  3:43  Probe (Chrono Boost)  
  39  3:44  Robotics Facility  
  39  3:48  Probe (Chrono Boost)  
  38  3:57  Probe (Chrono Boost)  
  38  3:58  Probe (Chrono Boost), Pylon  
  39  4:04  Probe  
  39  4:06  Probe (Chrono Boost)  
  41  4:16  Nexus  
  41  4:17  Probe (Chrono Boost)  
  43  4:24  Probe (Chrono Boost)  
  43  4:26  Probe (Chrono Boost)  
  43  4:27  Stalker  
  43  4:31  Probe x2 (Chrono Boost), Observer (Chrono Boost)  
  48  4:36  Assimilator, Stalker  
  49  4:42  Probe  
  49  4:45  Pylon  
  50  4:46  Probe  
  50  4:50  Gateway  
  50  4:51  Observer (Chrono Boost)  
  52  4:54  Probe, Gateway  
  54  5:01  Gateway  
  54  5:04  Observer  
  54  5:06  Probe  
  56  5:07  Stalker  
  56  5:10  Stalker  
  56  5:12  Probe (Chrono Boost)  
  59  5:24  Probe x2 (Chrono Boost), Charge (Chrono Boost)  
  61  5:30  Probe (Chrono Boost)  
  61  5:32  Probe x2 (Chrono Boost)  
  63  5:38  Probe, Gateway  
  63  5:40  Gateway  
  64  5:43  Probe  
  64  5:44  Probe  
  64  5:46  Sentry x3  
  71  5:53  Pylon x2  
  71  5:58  Warp Prism (Chrono Boost)  
  71  5:59  Probe  
  71  6:01  Probe x2  
  74  6:11  Probe  
  74  6:14  Sentry, Zealot x2  
  74  6:15  Zealot x2  
  85  6:22  Pylon  
  85  6:24  Pylon  
  85  6:33  Pylon, Zealot x2  
  89  6:40  Zealot  
  89  6:41  Zealot x5  
  101  6:47  Pylon x2  
  101  6:56  Pylon  
  101  7:00  Stalker x3  
  101  7:01  Zealot x2  
  111  7:04  Zealot  
  111  7:05  Zealot  
  107  7:32  Stalker x7  
  107  7:33  Zealot  
  117  7:50  Observer  
  117  7:52  Zealot  
  117  7:56  Gateway  
  117  7:57  Gateway  
  117  7:58  Zealot x7  
  109  8:06  Probe  
  109  8:12  Zealot  
  86  8:20  Zealot  
  86  8:21  Zealot x6  
  84  8:27  Probe  
  84  8:28  Probe  
  84  8:30  Probe  
  75  8:45  Zealot x7  
Tags
 
Add a new tag
Caveats
  • Supply blocks, unpowered buildings, or Contaminate may cause inaccurate times.
  • Supply counts are checked every 10 seconds.